 Dungeon Crawl Stone Soup version 0.24.0-123-gd5b16e6ec5 (webtiles) character file.

Game seed: 3620263190708559816, levelgen mode: deterministic

127 HawFromDerth the Firebug (level 4, -3/33 HPs)
             Began as a Demigod Fire Elementalist on Feb 10, 2020.
             Slain by Grinder (6 damage)
             ... on level 3 of the Dungeon.
             The game lasted 00:10:02 (2946 turns).

HawFromDerth the Firebug (DgFE)                     Turns: 2946, Time: 00:10:03

Health: -3/33      AC:  4    Str:  9 (11) XL:     4   Next: 56%
Magic:  3/10       EV: 13    Int: 21      God:
Gold:   125        SH:  0    Dex: 15 (16) Spells: 2/8 levels left

rFire    . . .     SeeInvis .   (no weapon)
rCold    . . .     Gourm    .   (no shield)
rNeg     . . .     Faith    .   a - +0 robe
rPois    .         Spirit   .   (no helmet)
rElec    .         Reflect  .   (no cloak)
rCorr    .         Harm     .   b - +1 pair of gloves
MR       .....                  (no boots)
Stlth    ++........             (no amulet)
HPRegen  0.11/turn              (no ring)
MPRegen  0.12/turn              (no ring)

@: slowed, very slow
A: high mp 1
a: no special abilities


You were on level 3 of the Dungeon.
You were not hungry.

You visited 1 branch of the dungeon, and saw 3 of its levels.

You collected 125 gold pieces.

Inventory:

Armour
 a - a +0 robe (worn)
 b - a +1 pair of gloves (worn)
Jewellery
 j - an uncursed ring of resist corrosion {unknown}
 l - a +4 amulet of reflection {unknown}
Scrolls
 d - 4 scrolls of identify {unknown}
 f - a scroll of immolation {unknown}
 g - 2 scrolls of amnesia {unknown}
 h - a scroll of fear {unknown}
 m - a scroll of teleportation {unknown}
 n - a scroll of random uselessness {unknown}
 o - a scroll of blinking {unknown}
Potions
 e - a potion of cancellation
 i - 3 potions of curing
 k - a potion of agility {unknown}
Comestibles
 c - 4 rations


   Skills:
 + Level 0.1 Fighting
 + Level 2.6 Dodging
 + Level 2.4 Stealth
 + Level 2.5 Spellcasting
 + Level 1.6 Conjurations
 + Level 3.5 Fire Magic


You had 2 spell levels left.
You knew the following spells:

 Your Spells              Type           Power        Failure   Level  Hunger
a - Flame Tongue          Conj/Fire      ##...        4%          1    None
b - Throw Flame           Conj/Fire      ##....       7%          2    ##.....
c - Inner Flame           Hex/Fire       ##......     21%         3    ###....

Your spell library contained the following spells:

 Spells                   Type           Power        Failure   Level  Hunger
 Conjure Flame            Conj/Fire      ##......     14%         3    ###....
 Sticky Flame             Conj/Fire      ##......     43%         4    ####...
 Fireball                 Conj/Fire      ##........   78%         5    ######.


Dungeon Overview and Level Annotations

Branches:
Dungeon (3/15)

Annotations:
D:3 Grinder


Innate Abilities, Weirdness & Mutations

You have an increased reservoir of magic. (+10% MP)


Message History

Confirm with . or Enter, or press ? or * to list all spells.
You don't have enough magic to cast that spell.
Unknown command.
Things that are here:
a +0 hunting sling; 18 stones; a goblin corpse Grinder hits you.
You writhe in agony.
Grinder gestures at you. You resist with significant effort. Grinder hits you!
* * * LOW HITPOINT WARNING * * *
You writhe in agony.
* * * LOW HITPOINT WARNING * * *
Grinder gestures at you.
You barely resist.
The kobold shouts!
Grinder blinks!
There is an escape hatch in the floor here.
There is an escape hatch in the floor here.
The kobold completely misses you. Grinder hits you.
You die...

#....# # ##.....#####.#
..............#####
#........###...<..#
#.............###.#
#..#.....####.# #.#
##..#.....# #.# #.#
#.).# #K@#####.###.#
#...###5........†..#
#......>.......#####
#..####.###.##.#
#.####.)####.# #.##.#
#............###.##.#
######..#######...#.###
#.(..............#
##########...###.#


You could see Grinder and a kobold.

Vanquished Creatures
  Jessica (D:2)
  Natasha (D:3)
  2 adders (D:2)
  2 worms (D:2)
  A dart slug (D:1)
  9 bats
  5 giant cockroaches
  5 goblins
  4 hobgoblins
  8 jackals
  5 kobolds
  A quokka (D:2)
  2 frilled lizards
  2 rats
48 creatures vanquished.

Notes
Turn   | Place    | Note
-------+----------+-------------------------------------------
     0 | D:1      | HawFromDerth the Demigod Fire Elementalist began the quest
                  | for the Orb.
     0 | D:1      | Reached XP level 1. HP: 14/14 MP: 5/5
   108 | D:1      | Reached skill level 3 in Fire Magic
   412 | D:1      | Reached XP level 2. HP: 20/20 MP: 4/7
   637 | D:1      | Learned a level 2 spell: Throw Flame
  1169 | D:2      | Reached XP level 3. HP: 26/26 MP: 6/8
  1175 | D:2      | Learned a level 3 spell: Inner Flame
  1212 | D:2      | Noticed Jessica
  1232 | D:2      | Killed Jessica
  1232 | D:2      | Reached skill level 1 in Conjurations
  2007 | D:2      | Reached XP level 4. HP: 26/33 MP: 5/10
  2630 | D:3      | Found an iron altar of Okawaru.
  2632 | D:3      | Found a sparkling altar of Nemelex Xobeh.
  2632 | D:3      | Found a shattered altar of Ashenzari.
  2637 | D:3      | Found a shimmering altar of Xom.
  2637 | D:3      | Found a radiant altar of Vehumet.
  2637 | D:3      | Found a stormy altar of Qazlal.
  2926 | D:3      | Noticed Grinder
  2927 | D:3      | Noticed Natasha
  2932 | D:3      | Killed Natasha
  2946 | D:3      | Slain by Grinder

Levels and vault maps discovered:
D:1:      shiori_arrival_oz, layout_basic, minmay_misc_feat_x,
          minmay_pentomino_s4
D:2:      layout_rooms, serial_bayou_lake_a, uniq_jessica
D:3:      layout_loops_ring, overflow_temple_1_default, portal_sewer_entry_b,
          palyth_stone_intersect, doesnt_xom_only_xom, uniq_grinder,
          uniq_terence, uniq_natasha

Skill      XL: |  1  2  3 |
---------------+----------+-----
Fire Magic     | 3 |  3.5
Spellcasting   | 2 |  2.5
Dodging        | 2 |  2.6
Stealth        | 2 |  2.4
Conjurations   | 1 |  1.6
Fighting       | |  0.1

Action                   |  1- 3 |  4- 6 || total
-------------------------+-------+-------++-------
Melee: Unarmed           |     4 |     3 ||     7
 Cast: Flame Tongue      |    52 |    24 ||    76
       Throw Flame       |    11 |     8 ||    19
  Use: Potion            |     6 |       ||     6
  Eat: Ration            |     1 |     1 ||     2
       Chunk             |       |     1 ||     1
Armor: Robe              |    10 |     6 ||    16
Dodge: Dodged            |    49 |    13 ||    62
